Map: Кислотный завод РВ

Players

NoMiS

  • Race: Protoss Protoss
  • League: Master
  • Spawn Location: 11:00

JEROS - Winner!

  • Race: Terran Terran
  • League: Master
  • Spawn Location: 5:00

VOD

Have the link to the VOD?

Description

Time

  • Played on: Nov. 18, 2018, 9:56 a.m.
  • Length: 9:45
Show
View Real Time Build Order
Export as new Build Order

NoMiS Protoss 

Build Orders: 1 Gate Expand, Blink Stalkers 

Get SALT Encoding   

  12  0:00  Probe  
  13  0:13  Probe  
  14  0:18  Pylon  
  14  0:25  Probe (Chrono Boost)  
  15  0:37  Probe (Chrono Boost), Gateway  
  16  0:45  Probe (Chrono Boost)  
  16  0:47  Assimilator  
  17  0:51  Probe  
  18  1:03  Probe  
  19  1:21  Nexus  
  19  1:30  Cybernetics Core  
  19  1:34  Probe  
  20  1:43  Assimilator  
  20  1:50  Probe  
  20  1:53  Pylon  
  21  2:02  Probe  
  22  2:08  Stalker (Chrono Boost)  
  22  2:15  Probe  
  25  2:18  Twilight Council  
  26  2:31  Stalker  
  26  2:32  Probe (Chrono Boost)  
  26  2:35  Probe (Chrono Boost)  
  30  2:44  Probe (Chrono Boost)  
  30  2:46  Probe (Chrono Boost)  
  30  2:49  Probe (Chrono Boost)  
  30  2:53  Pylon  
  30  2:54  Blink (Chrono Boost)  
  30  2:55  Probe  
  30  2:57  Warp Gate (Chrono Boost)  
  32  3:06  Probe  
  32  3:07  Probe  
  34  3:19  Shield Battery  
  33  3:29  Robotics Facility  
  33  3:31  Probe  
  33  3:32  Pylon  
  33  3:33  Probe  
  35  3:40  Stalker  
  37  3:43  Probe  
  37  3:45  Probe  
  39  3:52  Gateway  
  39  3:55  Probe  
  40  3:58  Pylon  
  40  4:04  Gateway  
  40  4:05  Probe  
  40  4:09  Probe  
  42  4:16  Observer  
  43  4:17  Probe  
  43  4:21  Probe  
  45  4:24  Assimilator  
  45  4:26  Pylon  
  45  4:42  Pylon, Observer  
  46  4:46  Probe  
  46  4:48  Probe  
  46  4:51  Stalker x2  
  52  4:59  Stalker  
  54  5:01  Nexus  
  54  5:04  Pylon  
  54  5:07  Charge  
  54  5:10  Forge  
  54  5:12  Forge  
  54  5:16  Sentry x2  
  54  5:18  Probe  
  55  5:45  Gateway  
  55  5:47  Gateway  
  55  5:53  Probe  
  55  5:56  Photon Cannon  
  56  6:08  Photon Cannon  
  56  6:12  Protoss Ground Armor Level 1 (Chrono Boost), Protoss Ground Weapons Level 1 (Chrono Boost)  
  56  6:14  Pylon  
  56  6:15  Probe x2  
  56  6:16  Probe  
  59  6:27  Probe  
  59  6:28  Immortal  
  59  6:31  Probe  
  65  6:35  Pylon  
  65  6:37  Observer  
  65  6:38  Assimilator  
  65  6:44  Zealot x2  
  65  6:45  Probe  
  70  6:51  Photon Cannon  
  70  7:01  Probe  
  71  7:03  Probe x2  
  73  7:13  Probe, Zealot  
  73  7:14  Zealot x4  
  84  7:22  Pylon  
  84  7:26  Probe  
  85  7:39  Observer, Nexus  
  85  7:44  Assimilator  
  85  7:46  Zealot x2  
  85  7:47  Zealot  
  91  7:53  Zealot  
  91  7:54  Zealot  
  95  8:15  Zealot x5  
  95  8:18  Pylon  
  99  8:43  Zealot x2  
  99  8:44  Zealot x3  
  99  8:46  Probe  
  110  8:49  Templar Archives  
  110  8:52  Probe x2  
  112  8:58  Probe  
  109  9:03  Templar Archives  
  109  9:07  Robotics Bay  
  109  9:14  Probe  
  109  9:16  Probe  
  111  9:18  Assimilator  
  111  9:19  Pylon  
Show
View Real Time Build Order
Export as new Build Order

JEROS Terran - Winner!

Build Orders: Reaper Expand, Banshee Rush 

Get SALT Encoding   

  12  0:10  SCV  
  13  0:15  Supply Depot  
  13  0:22  SCV  
  14  0:34  SCV  
  15  0:38  Barracks  
  15  0:42  Refinery  
  15  0:47  SCV  
  16  0:59  SCV  
  17  1:11  SCV  
  18  1:30  Reaper, Orbital Command  
  19  1:49  Command Center  
  19  1:57  SCV  
  19  1:58  Supply Depot  
  20  2:03  Marine  
  21  2:10  SCV  
  21  2:14  Factory  
  22  2:22  SCV  
  23  2:23  Refinery  
  23  2:26  Barracks Reactor  
  23  2:34  SCV  
  24  2:46  SCV  
  25  2:58  SCV  
  26  2:59  Widow Mine, Starport  
  26  3:02  Marine x2  
  26  3:03  Orbital Command  
  30  3:10  SCV  
  31  3:20  Marine x2  
  31  3:22  SCV, Factory Tech Lab  
  33  3:30  Bunker, SCV  
  34  3:34  SCV  
  34  3:38  Marine x2, Supply Depot  
  37  3:43  SCV  
  37  3:46  SCV, Factory Tech Lab  
  39  3:50  Banshee  
  39  3:52  Cloaking Field  
  42  3:56  SCV  
  42  3:58  SCV  
  42  4:01  Supply Depot  
  44  4:08  Marine x2  
  44  4:09  SCV  
  47  4:11  SCV  
  47  4:13  Siege Tank  
  51  4:21  SCV  
  51  4:23  SCV  
  53  4:25  Supply Depot  
  53  4:28  Marine x2  
  55  4:32  Banshee  
  55  4:33  SCV  
  55  4:35  SCV  
  60  4:42  Refinery x2  
  60  4:48  Barracks  
  60  4:49  Marine x2, Barracks  
  62  4:53  Siege Tank  
  62  4:55  SCV  
  66  5:00  SCV  
  66  5:05  Supply Depot  
  67  5:07  SCV  
  67  5:09  Supply Depot  
  70  5:16  SCV  
  70  5:19  SCV  
  70  5:23  Supply Depot  
  70  5:24  Supply Depot  
  70  5:28  SCV  
  71  5:29  Starport Reactor  
  71  5:31  SCV  
  71  5:32  Marauder  
  74  5:40  SCV  
  74  5:41  Stimpack  
  72  5:43  SCV  
  72  5:44  Engineering Bay  
  72  5:45  Factory Reactor  
  72  5:46  Supply Depot  
  72  5:48  Marauder  
  72  5:49  Marine x2  
  77  5:53  Combat Shield, Marauder  
  79  6:07  Marine x2  
  79  6:10  Marauder  
  83  6:15  Marauder  
  85  6:23  Command Center  
  85  6:24  Widow Mine x2, Medivac x2  
  93  6:29  Marine x2  
  95  6:35  SCV x2  
  97  6:40  Terran Infantry Weapons Level 1  
  97  6:42  Marine, Supply Depot  
  97  6:43  Supply Depot, Marauder  
  97  6:46  Widow Mine x2  
  104  6:51  SCV x2  
  106  6:54  Medivac x2  
  110  7:04  Marine x2  
  109  7:10  Widow Mine, Marauder x2  
  109  7:11  Widow Mine  
  109  7:12  SCV  
  109  7:13  SCV  
  109  7:14  Barracks x2  
  119  7:26  Concussive Shells  
  119  7:28  Marine x2  
  121  7:31  Marauder  
  121  7:32  SCV x2  
  121  7:35  Supply Depot  
  121  7:36  Supply Depot, Marauder  
  127  7:38  Widow Mine x2  
  131  7:44  Armory  
  131  7:45  Marine, Engineering Bay  
  131  7:46  Marine  
  131  7:50  Orbital Command  
  134  7:51  SCV x2  
  134  7:52  Marauder  
  137  8:01  Liberator x2  
  137  8:04  Marine x2, Barracks Tech Lab, Barracks Reactor  
  139  8:11  SCV x2  
  141  8:15  Marauder x2  
  141  8:18  Widow Mine x2  
  155  8:25  Marine x2, Marauder  
  155  8:39  Marine x2  
  157  8:49  SCV  
  157  8:51  SCV  
  157  9:01  Supply Depot x2  
  157  9:02  Supply Depot  
  157  9:08  Command Center  
  157  9:11  Supply Depot  
  157  9:12  Supply Depot  
  157  9:22  Marine x2, Marauder, SCV x2  
  157  9:23  Widow Mine x2, Marauder x2  
  171  9:28  Refinery  
  171  9:29  Refinery  
  171  9:30  Barracks  
  171  9:31  Barracks  
  170  9:32  Barracks  
Tags
 
Add a new tag
Caveats
  • Supply blocks, unpowered buildings, or Contaminate may cause inaccurate times.
  • Supply counts are checked every 10 seconds.